 Dungeon Crawl Stone Soup version 0.26-a0-466-g989023bd0d (webtiles) character file.

Game seed: 5261239673005052774

24620 pk666 the Thaumaturge (level 12, 0/59 HPs)
             Began as a Deep Elf Hedge Wizard on Aug 13, 2020.
             Was an Elder of Vehumet.
             Splashed with acid (9 damage)
             ... on level 6 of the Lair of Beasts.
             The game lasted 01:30:36 (25993 turns).

pk666 the Thaumaturge (Deep Elf Hedge Wizard)      Turns: 25993, Time: 01:30:37

Health: 0/59       AC: 10    Str: 11    XL:     12   Next: 82%
Magic:  22/41      EV: 24    Int: 29    God:    Vehumet [****..]
Gold:   1277       SH:  0    Dex: 24    Spells: 19/39 levels left

rFire    . . .     SeeInvis .   r - +5 dagger
rCold    . . .     Faith    .   (no shield)
rNeg     . . .     Spirit   .   E - +4 robe of Augmentation {Str+4 Int+4 Dex+4}
rPois    .         Reflect  .   c - +0 hat
rElec    .         Harm     .   m - +0 cloak
rCorr    .                      (no gloves)
MR       +....                  V - +2 pair of boots {Fly}
Stlth    +++.......             (no amulet)
HPRegen  0.19/turn              x - ring of magical power
MPRegen  0.27/turn              i - +6 ring of dexterity

@: flying
A: no striking features
a: Renounce Religion, Stop Flying


You were on level 6 of the Lair of Beasts.
You worshipped Vehumet.
Vehumet was greatly pleased with you.
You visited 3 branches of the dungeon, and saw 19 of its levels.

You collected 1277 gold pieces.

Inventory:

Hand Weapons
 r - a +5 dagger (weapon)
Missiles
 a - 8 silver javelins
 o - 87 poisoned darts (quivered)
 G - 7 javelins
 T - 8 curare-tipped darts
Armour
 c - a +0 hat (worn)
 m - a +0 cloak (worn)
 E - the +4 robe of Augmentation (worn) {Str+4 Int+4 Dex+4}
   (You found it on level 8 of the Dungeon)

   It affects your strength (+4).
   It affects your intelligence (+4).
   It affects your dexterity (+4).
 V - a +2 pair of boots of flying (worn)
Magical Staves
 b - an uncursed staff of poison
Jewellery
 g - an uncursed ring of positive energy
 i - a +6 ring of dexterity (right hand)
 t - an uncursed ring of protection from fire
 x - a ring of magical power (left hand)
 M - an uncursed ring of magical power
 N - an uncursed ring of positive energy
 R - a cursed ring of teleportation {unknown}
Wands
 s - a wand of clouds (6)
 y - a wand of polymorph (18)
 H - a wand of paralysis (8)
 O - a wand of random effects (26)
Scrolls
 e - 5 scrolls of fog
 f - 2 scrolls of summoning {unknown}
 h - 11 scrolls of remove curse
 j - 3 scrolls of teleportation
 p - 3 scrolls of amnesia
 u - 4 scrolls of fear
 B - 2 scrolls of enchant weapon
 C - a scroll of noise
 F - a scroll of silence {unknown}
 I - a scroll of immolation {unknown}
 L - a scroll of torment {unknown}
 Q - a scroll of holy word {unknown}
 S - a scroll of identify
 U - a scroll of enchant armour {unknown}
Potions
 d - 3 potions of magic
 k - 3 potions of brilliance
 l - a potion of stabbing {unknown}
 n - 10 potions of curing
 q - 2 potions of ambrosia
 v - 4 potions of invisibility
 w - a potion of mutation {unknown}
 z - 2 potions of lignification
 A - 4 potions of flight
 D - 2 potions of resistance {unknown}
 J - 2 potions of heal wounds {unknown}
 K - a potion of berserk rage {unknown}
 P - 4 potions of might


   Skills:
 + Level 11.7 Dodging
 - Level 2.4 Stealth
 + Level 14.0 Spellcasting
 + Level 11.4 Conjurations
 - Level 5.0 Summonings
 - Level 2.0 Translocations
 + Level 11.3 Fire Magic
 - Level 5.0 Air Magic
 - Level 2.0 Poison Magic


You had 19 spell levels left.
You knew the following spells:

 Your Spells              Type           Power        Failure   Level
a - Foxfire               Conj/Fire      ####         0%          1
b - Blink                 Tloc           N/A          1%          2
c - Conjure Flame         Conj/Fire      ######..     1%          3
d - Mephitic Cloud        Conj/Pois/Air  ######..     1%          3
e - Call Imp              Summ           #####...     1%          2
g - Summon Lightning Spi  Summ/Air       #####...     3%          4
h - Sticky Flame          Conj/Fire      ######..     1%          4
l - Apportation           Tloc           ####..       1%          1

Your spell library contained the following spells:

 Spells                   Type           Power        Failure   Level
 Iskenderun's Mystic Bla  Conj/Tloc      ######..     1%          4
 Magic Dart               Conj           ####         0%          1
 Summon Small Mammal      Summ           ####         1%          1
 Call Canine Familiar     Summ           #####...     1%          3
 Beastly Appendage        Tmut           ###...       2%          1
 Summon Guardian Golem    Hex/Summ       ####....     2%          3
 Slow                     Hex            ###.....     3%          2
 Wereblood                Tmut           ###.....     3%          2
 Lesser Beckoning         Tloc           ####......   3%          3
 Spider Form              Tmut/Pois      ####......   4%          3
 Tukima's Dance           Hex            ###.....     8%          3
 Summon Ice Beast         Ice/Summ       ####....     9%          4
 Ice Form                 Ice/Tmut       ###.....     24%         4
 Alistair's Intoxication  Tmut/Pois      ####.....    41%         5
 Blade Hands              Tmut           ###.......   56%         5
 Invisibility             Hex            ###.....     98%         6


Dungeon Overview and Level Annotations

Branches:
Dungeon (12/15)            Temple (1/1) D:4            Lair (6/6) D:9
 Shoals (0/4) Lair:3       Spider (0/4) Lair:2        Slime (0/5) Lair:6
    Orc (0/2) D:12

Altars:
Ashenzari
Cheibriados
Dithmenos
Elyvilon
Fedhas
Gozag
Hepliaklqana
Kikubaaqudgha
Makhleb
Nemelex Xobeh
Okawaru
Qazlal
Ru
Sif Muna
Trog
Uskayaw
Vehumet
Wu Jian
Xom
Yredelemnul
Zin
The Shining One

Annotations:
D:8 3 runed translucent doors, Graouh's ghost, novice MiFi
Lair:5 3 runed translucent doors, Libboc's ghost, journeyman DEFE


Message History

You blink.
Something tramples your white imp!
Your white imp is shoved backwards!
Your white imp dies!
The komodo dragon bites you!!
Found a scroll of identify.
Casting: Blink (safe; 1% risk of failure)
Confirm with . or Enter, or press ? or * to list all spells.
An electric hum fills the air.
The komodo dragon bites you!!
* * * LOW HITPOINT WARNING * * *
Your crimson imp hits the elephant but does no damage.
The four-headed hydra closely misses your crimson imp.
The four-headed hydra bites your crimson imp.
The four-headed hydra bites your crimson imp!
Your crimson imp dies!
Casting: Summon Lightning Spire (dangerous; 3% risk of failure)
Confirm with . or Enter, or press ? or * to list all spells.
You blink.
The hippogriff screeches!
You are splashed with acid!
You die...

#P......H.....P.
##P..#.....#.###
#P...........#
##.......H(#.#
#......Y..H.##
#.........Y...##
#.....#.#J..DYP##
)...............#
...#....@#..YP##
.....>......P#
..#.......Yl.#
...........§P# .
....#.#......#
#H.
............8#
..(.
............P#
.†..
#......?P...##
J... #..PPP...


You could see a four-headed hydra, 4 elephants, a komodo dragon, 2 hippogriffs,
a jelly and a friendly lightning spire (summoned).

Vanquished Creatures
  A hydra (Lair:5)
  A two-headed ogre (D:8)
  Sonja (Lair:3)
  3 elephants (Lair:3)
  A rime drake (Lair:5)
  2 cane toads
  A kobold demonologist (D:11)
  3 komodo dragons
  A troll (D:9)
  A hornet (D:8)
  10 blink frogs
  3 dream sheep
  5 hippogriffs
  A redback (Lair:2)
  A shadow (D:11)
  16 yaks
  3 wyverns
  A wraith (D:6)
  A basilisk (Lair:2)
  8 water moccasins
  2 porcupines
  A nameless horror (D:11)
  An orc warrior (D:8)
  3 phantoms
  A black bear (D:11)
  A necrophage (D:6)
  A sky beast (D:10)
  7 ogres
  4 wolves
  A centaur (D:7)
  3 big kobolds
  13 bullfrogs
  Blork the orc (D:6)
  3 scorpions
  A water moccasin skeleton (D:8)
  5 killer bees (D:8)
  16 wights
  5 howler monkeys
  A centaur zombie (D:6)
  3 orc priests
  4 centaur skeletons
  9 hounds
  2 jellies
  2 bullfrog skeletons
  An iguana (D:11)
  Terence (D:3)
  8 orc wizards
  A killer bee zombie (D:10)
  11 worker ants
  A hound zombie (D:11)
  4 gnolls (D:5)
  2 howler monkey skeletons (D:8)
  13 adders
  3 shadow imps
  A white imp (D:6)
  2 ufetubi
  An ooze (D:5)
  An adder zombie (D:3)
  2 adder skeletons
  6 worms
  A dart slug (D:1)
  5 leopard geckos
  68 orcs
  3 ball pythons
  6 bats (D:1)
  7 giant cockroaches
  5 goblins
  4 hobgoblins
  13 jackals
  5 quokkas
  10 frilled lizards
  15 kobolds
  A leopard gecko zombie (D:5)
  9 rats
364 creatures vanquished.

Vanquished Creatures (collateral kills)
  3 hydras
  3 elephants (Lair:3)
  2 black mambas
  A kobold demonologist (D:11)
  7 cane toads
  7 komodo dragons
  4 dream sheep
  2 blink frogs
  A hippogriff (D:12)
  2 wyverns
  6 yaks
  A basilisk (Lair:1)
  3 fire bats (Lair:1)
  3 porcupines
  4 water moccasins
  A sky beast (D:12)
  2 wolves (Lair:5)
  4 centaurs
  4 crocodiles
  A wight (D:10)
  2 orc priests (D:12)
  2 centaur skeletons
  A jelly (Lair:5)
  An iguana (D:10)
  A river rat (D:3)
  7 orcs
  2 kobolds (D:11)
  A foxfire (Lair:6)
  A fungus (Lair:3)
  A plant (Lair:1)
80 creatures vanquished.

Vanquished Creatures (others)
  1209 foxfires
  6 fungi
  2 plants (D:8)
1217 creatures vanquished.

Grand Total: 1661 creatures vanquished

Notes
Turn   | Place    | Note
-------+----------+-------------------------------------------
     0 | D:1      | pk666 the Deep Elf Hedge Wizard began the quest for the
                  | Orb.
     0 | D:1      | Reached XP level 1. HP: 10/10 MP: 7/7
   342 | D:1      | Reached XP level 2. HP: 15/15 MP: 6/9
   377 | D:1      | Learned a level 2 spell: Blink
   874 | D:1      | Reached skill level 5 in Spellcasting
  1135 | D:1      | Reached XP level 3. HP: 19/19 MP: 9/11
  1140 | D:1      | Learned a level 3 spell: Conjure Flame
  1144 | D:1      | Learned a level 3 spell: Mephitic Cloud
  1147 | D:1      | Learned a level 2 spell: Call Imp
  2898 | D:2      | Found a hazy altar of Hepliaklqana.
  3135 | D:3      | Reached XP level 4. HP: 24/24 MP: 8/13
  3361 | D:3      | Reached skill level 1 in Poison Magic
  3618 | D:3      | Reached skill level 1 in Fire Magic
  3618 | D:3      | Reached skill level 1 in Air Magic
  3992 | D:3      | Reached XP level 5. HP: 28/28 MP: 2/15
  4646 | D:3      | Noticed Terence
  4656 | D:3      | Killed Terence
  4842 | D:3      | Found a shadowy altar of Dithmenos.
  5016 | D:4      | Reached skill level 6 in Spellcasting
  5016 | D:4      | Reached XP level 6. HP: 32/32 MP: 9/17
  5547 | D:4      | Found a staircase to the Ecumenical Temple.
  5556 | Temple   | Entered the Ecumenical Temple
  5609 | Temple   | Became a worshipper of Vehumet
  6396 | D:5      | Entered Level 5 of the Dungeon
  6531 | D:5      | Reached XP level 7. HP: 36/36 MP: 10/19
  6680 | D:5      | Reached skill level 7 in Spellcasting
  6782 | D:5      | Found a blossoming altar of Fedhas.
  6902 | D:5      | Found a hide-covered altar of Uskayaw.
  7233 | D:5      | Found a blossoming altar of Fedhas.
  7336 | D:5      | Found a snail-covered altar of Cheibriados.
  7683 | D:6      | Noticed a wraith
  7911 | D:6      | Reached skill level 5 in Conjurations
  8262 | D:6      | Reached XP level 8. HP: 41/41 MP: 17/21
  8346 | D:6      | Reached * piety under Vehumet
  8346 | D:6      | Offered knowledge of Foxfire by Vehumet.
  8439 | D:6      | Learned a level 1 spell: Foxfire
  8642 | D:6      | Noticed Blork the orc
  8652 | D:6      | Killed Blork the orc
  8652 | D:6      | Reached skill level 8 in Spellcasting
  8787 | D:6      | Reached skill level 5 in Fire Magic
  9023 | D:6      | Found a shattered altar of Ashenzari.
  9099 | D:6      | Found an opulent altar of Gozag.
  9915 | D:7      | Reached skill level 5 in Dodging
  9915 | D:7      | Reached skill level 9 in Spellcasting
 10140 | D:7      | Offered knowledge of Shock by Vehumet.
 10231 | D:7      | Noticed a hippogriff
 10243 | D:7      | Killed a hippogriff
 10243 | D:7      | Reached ** piety under Vehumet
 10243 | D:7      | Reached XP level 9. HP: 45/45 MP: 23/24
 10525 | D:7      | You fall into a shaft and drop 3 floors!
 10525 | D:10     | Entered Level 10 of the Dungeon
 10944 | D:8      | Noticed a two-headed ogre
 10962 | D:8      | Killed a two-headed ogre
 10962 | D:8      | Reached skill level 10 in Spellcasting
 11058 | D:8      | Found the +4 robe of Augmentation {Str+4 Int+4 Dex+4}
 11367 | D:7      | You fall into a shaft and drop 3 floors!
 11368 | D:10     | Noticed a komodo dragon
 11389 | D:10     | Killed a komodo dragon
 12066 | D:7      | Reached XP level 10. HP: 50/50 MP: 22/26
 12294 | D:7      | Found a shimmering blue altar of Sif Muna.
 12532 | D:8      | Found a runed translucent gate.
 12532 | D:8      | Found a runed translucent gate.
 12532 | D:8      | Found a runed translucent gate.
 12535 | D:8      | Noticed Graouh's ghost (novice MiFi)
 12536 | D:8      | Noticed a ten-headed hydra
 12720 | D:8      | Offered knowledge of Static Discharge by Vehumet.
 12797 | D:8      | Found a white marble altar of Elyvilon.
 13700 | D:8      | Reached *** piety under Vehumet
 13904 | D:8      | Learned a level 4 spell: Summon Lightning Spire
 14138 | D:9      | Reached skill level 11 in Spellcasting
 14248 | D:9      | Found a staircase to the Lair.
 14872 | D:9      | Offered knowledge of Frozen Ramparts by Vehumet.
 15816 | D:11     | Noticed a four-headed hydra
 15988 | D:11     | Reached **** piety under Vehumet
 16449 | D:11     | Offered knowledge of Sticky Flame by Vehumet.
 16450 | D:11     | Reached XP level 11. HP: 48/54 MP: 12/28
 16462 | D:11     | Learned a level 4 spell: Sticky Flame
 16781 | D:11     | Killed a four-headed hydra
 17775 | D:12     | Found a staircase to the Orcish Mines.
 17898 | D:12     | Reached ***** piety under Vehumet
 17947 | D:12     | Noticed a six-headed hydra
 17955 | D:12     | Killed a six-headed hydra
 17955 | D:12     | Reached skill level 12 in Spellcasting
 18080 | D:12     | Offered knowledge of Iskenderun's Mystic Blast by Vehumet.
 18194 | D:12     | Noticed an ogre mage
 18197 | D:12     | Noticed a two-headed ogre
 18204 | D:12     | Noticed a two-headed ogre
 18212 | D:12     | Noticed a two-headed ogre
 18535 | Lair:1   | Entered Level 1 of the Lair of Beasts
 19180 | Lair:1   | Found a dark tunnel.
 19423 | Lair:1   | Reached skill level 5 in Summonings
 19823 | Lair:2   | Reached skill level 5 in Air Magic
 19935 | Lair:2   | Reached skill level 10 in Dodging
 19935 | Lair:2   | Reached skill level 10 in Conjurations
 20474 | Lair:2   | Found a hole to the Spider Nest.
 20727 | Lair:2   | Reached skill level 10 in Fire Magic
 21466 | Lair:3   | Noticed Sonja
 21467 | Lair:3   | Reached XP level 12. HP: 53/59 MP: 21/30
 21480 | Lair:3   | Killed Sonja
 21870 | Lair:3   | Found a staircase to the Shoals.
 21945 | Lair:3   | Reached skill level 13 in Spellcasting
 23927 | Lair:4   | Learned a level 1 spell: Apportation
 24048 | Lair:5   | Noticed a four-headed hydra
 24070 | Lair:5   | Killed a four-headed hydra
 24501 | Lair:5   | Noticed a six-headed hydra
 24518 | Lair:5   | Killed a six-headed hydra
 24667 | Lair:5   | Found a runed translucent gate.
 24667 | Lair:5   | Found a runed translucent gate.
 24668 | Lair:5   | Found a runed translucent gate.
 24668 | Lair:5   | Noticed Libboc's ghost (journeyman DEFE)
 25231 | Lair:6   | Entered Level 6 of the Lair of Beasts
 25296 | Lair:6   | Noticed an eight-headed hydra
 25856 | Lair:5   | Reached skill level 14 in Spellcasting
 25976 | Lair:6   | Noticed a four-headed hydra
 25983 | Lair:6   | Found a staircase to the Slime Pits.
 25993 | Lair:6   | Splashed with acid

Illustrated notes

Levels and vault maps discovered:
D:1:      sevenhm_arrival_forest_fort_large_4, layout_loops_ring,
          corexii_corridor_pit, minmay_lizard_pond
D:2:      layout_loops_corners, marbit_many_paths
D:3:      layout_basic, kennysheep_flooded_box, kennysheep_generic_room_12,
          uniq_terence
D:4:      layout_basic, minmay_temple_entry_water_ring, portal_sewer_entry_c,
          chequers_serial_rivers_micro_a, kennysheep_crisscross
D:5:      layout_rooms, cheibrodos_worm_habitat, overflow_temple_1_default,
          lemuel_round_altar, fedhas_altar_4
D:6:      minmay_thick_lines, layout_loops_corners, kennysheep_mini,
          lemuel_doored_altar, uniq_blork_the_orc
D:7:      layout_loops_ring, lemuel_coloured_pillars_altar
D:8:      layout_cave_pods, kennysheep_mini_moat, gammafunk_ghost_hydra_chop,
          chequers_serial_rivers_marsh, patterned_corridor
D:9:      layout_small_grid, erik_lair_island, grunt_decor_clamped
D:10:     layout_irregular_city
D:11:     layout_stronghold, minmay_misc_feat_nine_boxes
D:12:     layout_irregular_city, hiddenorc2_lemuel, basic_altar
Temple:   zaba_magenta_temple
Lair:1:   layout_chaotic_city, nicolae_volcano_entry_batcave,
          cheibrodos_lair_caveside_slide
Lair:2:   layout_cave_pods, spider_nest_entry_rubble
Lair:3:   layout_regular_city, minmay_shoals_entry_centaurs,
          serial_bayou_pond_c, serial_bayou_shore_b, uniq_sonja
Lair:4:   layout_layer_cave, infiniplex_staircase_pool_2
Lair:5:   layout_cave_pods, ebering_ghost_rock_garden
Lair:6:   due_jungle_book, layout_cave_pods, nicolae_slime_entry_slimehenge,
          infiniplex_staircase_pool

Skill      XL: |  1  2  3  4  5  6  7  8  9 10 11 12 |
---------------+-------------------------------------+-----
Conjurations   | 2 3 4 5 6 8 9 10 11 | 11.4
Spellcasting   | 5 6 7 9 10 11 12 14 | 14.0
Translocations | 2 |  2.0
Poison Magic   | 1 2 |  2.0
Fire Magic     | 1 2 3 4 6 7 8 10 11 | 11.3
Air Magic      | 1 2 3 5 |  5.0
Summonings     | 2 4 5 |  5.0
Dodging        | 3 5 7 8 10 11 | 11.7
Stealth        | |  2.4

Action                   |  1- 3 |  4- 6 |  7- 9 | 10-12 || total
-------------------------+-------+-------+-------+-------++-------
Melee: Dagger            |     1 |     6 |    13 |    12 ||    32
Throw: Dart              |       |       |     1 |     3 ||     4
 Cast: Magic Dart        |   130 |   177 |   287 |   113 ||   707
       Mephitic Cloud    |       |    16 |    21 |    60 ||    97
       Conjure Flame     |       |     2 |    29 |    24 ||    55
       Call Imp          |       |     4 |    13 |   100 ||   117
       Blink             |       |     1 |    12 |    19 ||    32
       Foxfire           |       |       |    90 |   607 ||   697
       Summon Lightning  |       |       |       |    61 ||    61
  Use: Scroll            |     2 |       |       |    13 ||    15
       Potion            |       |       |       |     1 ||     1
 Stab: Confused          |       |     1 |     2 |       ||     3
       Distracted        |       |       |       |     1 ||     1
Armor: Robe              |     6 |     4 |     9 |    17 ||    36
Dodge: Dodged            |    16 |    20 |    47 |   134 ||   217

Table legend: (Time is in decaauts)
 A = Elapsed time spent in this place.
 B = Non-inter-level travel time spent in this place.
 C = Inter-level travel time spent in this place.
 D = Time resting spent in this place.
 E = Time spent auto-exploring this place.
 F = Levels seen in this place.
 G = Mean time per level.
                   A        B        C        D        E       F      G
               +--------+--------+--------+--------+--------+-----+--------+
         Total |  26031 |  24697 |   1334 |   8026 |  12510 |  19 | 1370.1 |
       Dungeon |  18487 |  17449 |   1038 |   5854 |   8390 |  12 | 1540.6 |
        Temple |     80 |     60 |     20 |      0 |     51 |   1 |   80.0 |
          Lair |   7462 |   7186 |    276 |   2172 |   4069 |   6 | 1243.7 |
               +--------+--------+--------+--------+--------+-----+--------+

Top non-repeatable levels by time:
     D:6: 2238 daAuts
     D:3: 2125 daAuts
     D:8: 1984 daAuts
  Lair:5: 1888 daAuts
    D:11: 1884 daAuts
  Lair:2: 1723 daAuts
     D:2: 1720 daAuts
    D:10: 1682 daAuts
     D:1: 1568 daAuts
     D:7: 1358 daAuts
  Lair:1: 1357 daAuts
  Lair:3: 1259 daAuts
     D:4: 1113 daAuts
     D:9: 1084 daAuts
  Lair:4: 1065 daAuts
